 Dungeon Crawl Stone Soup version 0.31.0-32-g396128a36d (webtiles) character file.

Game seed: 9619319132392975657

84 Skogalur the Shooter (level 4, 0/37 (38) HPs)
             Began as a Minotaur Hunter on Mar 19, 2024.
             Succumbed to Crazy Yiuf's poison
             ... on level 3 of the Dungeon.
             The game lasted 00:29:29 (2672 turns).

Skogalur the Shooter (Minotaur Hunter)              Turns: 2672, Time: 00:29:30

HP:   0/37 (38)     AC:  9    Str: 18    XL:     4   Next: 24%
MP:   0/3           EV:  8    Int:  6    God:
Gold: 150           SH:  0    Dex: 13    Spells: 3/3 levels left

rFire   + . .        a - +0 shortbow
rCold   + . .        (shield currently unavailable)
rNeg    . . .        r - +0 chain mail
rPois   +            (helmet restricted)
rElec   +            (no cloak)
rCorr   +            (no gloves)
SInv    .            u - +0 pair of boots
Will    .....        (no amulet) Stlth
                     (no ring)
HPRegen 0.26/turn    (no ring)
MPRegen 0.08/turn

%: no passive effects
@: lethally poisoned (0 -> -3), resistant, lightly drained
A: horns 2, retaliatory headbutt
a: no special abilities


You were on level 3 of the Dungeon.
You visited 1 branch of the dungeon, and saw 3 of its levels.

You collected 150 gold pieces.

Inventory:

Hand Weapons
 a - a +0 shortbow (weapon)
 f - a +0 spear
 g - a +0 dagger
 q - a +0 short sword of freezing
 z - a +0 sling
Missiles
 d - 18 stones
 k - 2 poisoned darts
Armour
 c - a +0 leather armour
 j - a +0 leather armour
 l - a +0 ring mail
 o - a +0 buckler
 p - a +0 scale mail
 r - a +0 chain mail (worn)
 t - a +0 ring mail
 u - a +0 pair of boots (worn)
Wands
 x - a wand of flame (10)
Scrolls
 b - a scroll of butterflies
 e - 2 scrolls of blinking {unknown}
 h - 2 scrolls of teleportation {unknown}
 i - a scroll of enchant armour {unknown}
 v - 2 scrolls of immolation {unknown}
 y - 2 scrolls of enchant weapon {unknown}
Potions
 m - a potion of might {unknown}
 n - a potion of curing {unknown}
 s - a potion of enlightenment {unknown}
 w - a potion of brilliance {unknown}


   Skills:
 + Level 3.4 Fighting
 + Level 5.8 Ranged Weapons
 + Level 0.4 Armour
 + Level 2.2 Dodging
 + Level 1.0 Stealth


You had 3 spell levels left.
You didn't know any spells.
Your spell library contained the following spells:

 Spells                   Type           Power      Damage    Failure   Level
 Slow                     Hex            0%         N/A       99%         1
 Ensorcelled Hibernation  Hex/Ice        0%         N/A       100%        2
 Lesser Beckoning         Tloc           0%         N/A       100%        2
 Confusing Touch          Hex            0%         N/A       100%        3
 Gell's Gravitas          Tloc           0%         N/A       100%        3
 Sigil of Binding         Hex            0%         N/A       100%        3
 Teleport Other           Tloc           0%         N/A       100%        3
 Vampiric Draining        Necr           0%         2d6       100%        3
 Brom's Barrelling Bould  Conj/Erth      0%         2d3       100%        4
 Lee's Rapid Deconstruct  Erth           0%         3d4*      100%        5
 Sculpt Simulacrum        Ice/Alch       0%         N/A       100%        6


Dungeon Overview and Level Annotations

Branches:
Dungeon (3/15)

Altars:
Ashenzari
Makhleb

Shops:
D:2 *!

Annotations:
D:3 Crazy Yiuf


Innate Abilities, Weirdness & Mutations

You have a pair of horns on your head.
You reflexively headbutt those who attack you in melee.


Message History

Found 6 stones.
Found a stone staircase leading down.
You see here 6 stones.
Press: ? - help, v - describe, . - travel
Here: Crazy Yiuf, wielding a +3 quarterstaff of chaos and wearing a +0 cloak (fire blocked by a runed translucent door)
The floor.
Unknown command.
You open the door. You shoot an arrow.
The arrow hits Crazy Yiuf but does no damage.
Crazy Yiuf barely misses you.
You shoot an arrow. The arrow barely misses Crazy Yiuf.
Crazy Yiuf hits you with a +3 quarterstaff of chaos!
You feel protected. Crazy Yiuf barely misses you.
You shoot an arrow. The arrow hits Crazy Yiuf.
Crazy Yiuf is moderately wounded.
Crazy Yiuf barely misses you.
You shoot an arrow. The arrow hits Crazy Yiuf.
Crazy Yiuf is heavily wounded.
Crazy Yiuf barely misses you. Crazy Yiuf closely misses you.
You shoot an arrow. The arrow closely misses Crazy Yiuf.
Crazy Yiuf sings, "Trees, trees, trees, circus!"
Crazy Yiuf hits you with a +3 quarterstaff of chaos!
You feel your power leaking away.
You shoot an arrow. The arrow barely misses Crazy Yiuf.
Crazy Yiuf hits you with a +3 quarterstaff of chaos.
You are poisoned.
Crazy Yiuf hits you with a +3 quarterstaff of chaos.
* * * LOW HITPOINT WARNING * * *
You feel drained.
* * * LOW HITPOINT WARNING * * *
You feel sick.
* * * LOW HITPOINT WARNING * * *
You feel sick.
* * * LOW HITPOINT WARNING * * *
You feel sick.
* * * LOW HITPOINT WARNING * * *
You feel sick.
You die...

.# #.# .# #.#
.###### #.#
........ #.###
..###### #...####
### ..# #......##
###..)# ..#
#.......####.'...#
..####
#.#......#..##...#
.....#
#.#....@#g### ###
.....+ #.#.#######
.....#####.#.#
#...#........##
##..#.#####...#
.##...#<......#
..8..)........#
....#.####........
......# #.#.#####


There were no monsters in sight!

Vanquished Creatures
  3 adders
  4 dart slugs
  A ribbon worm (D:3)
  2 ball pythons (D:2)
  3 endoplasms
  6 giant cockroaches
  5 goblins
  3 hobgoblins
  2 jackals (D:1)
  7 bats
  3 frilled lizards (D:2)
  3 kobolds
  3 rats
45 creatures vanquished.

Notes
Turn   | Place    | Note
-------+----------+-------------------------------------------
     0 | D:1      | Skogalur the Minotaur Hunter began the quest for the Orb.
     0 | D:1      | Reached XP level 1. HP: 18/18 MP: 0/0
   129 | D:1      | Reached skill level 1 in Stealth
   352 | D:1      | Reached XP level 2. HP: 25/25 MP: 1/1
   782 | D:1      | Reached skill level 5 in Ranged Weapons
  1303 | D:2      | Reached XP level 3. HP: 30/31 MP: 2/2
  1323 | D:2      | Found Ymiluiz's Distillery.
  1928 | D:2      | Got the Almanac of Quicksand and Cold
  2218 | D:2      | Found Inuzex's General Store.
  2262 | D:2      | Reached XP level 4. HP: 38/38 MP: 3/3
  2489 | D:3      | Found a burning altar of Makhleb.
  2491 | D:3      | Found a broken altar of Ashenzari.
  2651 | D:3      | Found a runed translucent door.
  2652 | D:3      | Noticed Crazy Yiuf
  2671 | D:3      | HP: 1/37 [poisoned by Crazy Yiuf]
  2672 | D:3      | Succumbed to Crazy Yiuf's poison

Illustrated notes

Levels and vault maps discovered:
D:1:      heliophobic_arrival_battle_scene, layout_basic, serial_corexii_hall,
          chequers_hall_statues_corner_a, corexii_hall_statues_i,
          minmay_tromino_v2
D:2:      layout_loops_ring, serial_shops, nicolae_square_shop, shop,
          serial_forest, infiniplex_forest_lined_4_way,
          infiniplex_forest_clump_diagonal, infiniplex_forest_lined_3_way,
          infiniplex_forest_clump_double, infiniplex_forest_clump_curved,
          infiniplex_forest_straight_2, infiniplex_forest_straight_5,
          hangedman_glass_teeth, kennysheep_nondescript,
          minmay_stone_trees_small, minmay_unequal
D:3:      layout_basic, jmf_multi_god_temple, uniq_crazy_yiuf_cottage

Skill      XL: |  1  2 |
---------------+-------+-----
Stealth        | 1 |  1.0
Fighting       | 3 |  3.4
Ranged Weapons | 5 |  5.8
Armour         | |  0.4
Dodging        | |  2.2

Action                     |  1- 3 |  4- 6 || total
---------------------------+-------+-------++-------
   Fire: Shortbow          |   118 |    30 ||   148
 Armour: Leather armour    |     5 |       ||     5
         Ring mail         |    20 |       ||    20
         Chain mail        |    33 |    24 ||    57
  Dodge: Dodged            |    32 |    22 ||    54
